 Dungeon Crawl Stone Soup version 0.29-a0-559-g359e09b9d1 (webtiles) character file.

Game seed: 1685825167038017469

33444 Locuples the Severer (level 13, -4/122 HPs)
             Began as a Minotaur Berserker on June 10, 2022.
             Was a High Priest of Trog.
             Slain by a two-headed ogre
             ... wielding a +0 giant club
              (9 damage)
             ... on level 2 of the Orcish Mines.
             The game lasted 00:38:51 (14332 turns).

Locuples the Severer (Minotaur Berserker)          Turns: 14332, Time: 00:38:52

Health: -4/122     AC: 24    Str: 27    XL:     13   Next: 36%
Magic:  12/12      EV: 13    Int:  4    God:    Trog [*****.]
Gold:   764        SH:  0    Dex: 10    Spells: 12/12 levels left

rFire   + . .      SeeInvis .   e - +4 battleaxe (flame)
rCold   + . .      Faith    .   (shield currently unavailable)
rNeg    . . .      Spirit   .   a - +0 plate armour
rPois   +          Reflect  .   k - +2 hat
rElec   .          Harm     .   o - +0 cloak {rCorr}
rCorr   +          Rampage  .   E - +1 pair of gloves
Will    ++...                   c - +0 pair of boots of Starshine {Stlth+}
Stlth   ..........              K - amulet of the acrobat
HPRegen 1.30/turn               h - ring of poison resistance
MPRegen 0.13/turn               m - +4 ring of evasion

@: strong-willed, on berserk cooldown, regenerating, slowed, studying Bows, very
slow
A: horns 2, retaliatory headbutt, cold resistance 1, fire resistance 1, wild
magic 1
a: Renounce Religion, Berserk, Trog's Hand, Brothers in Arms


You were on level 2 of the Orcish Mines.
You worshipped Trog.
Trog was extremely pleased with you.
You visited 2 branches of the dungeon, and saw 14 of its levels.
You also visited: Sewer.

You collected 959 gold pieces.
You spent 195 gold pieces at shops.

Inventory:

Hand Weapons
 e - a +4 battleaxe of flaming (weapon)
 g - the +7 hand axe "Wuagg" {vorpal, rElec rF- Will++ Dex+2}
   (You found it on level 9 of the Dungeon)

   It inflicts extra damage upon your enemies.
   Dex:       It affects your dexterity (+2).
   rF:        It makes you vulnerable to fire.
   rElec:     It insulates you from electricity.
   Will:      It greatly increases your willpower.
 G - the +7 war axe of Resumed Hostilities {freeze, rF- rC+ SInv}
   (You bought it in a shop on level 1 of the Dungeon)

   It freezes those it strikes, dealing additional cold damage.
   It can also slow down cold-blooded creatures.
   rF:        It makes you vulnerable to fire.
   rC:        It protects you from cold.
   SInv:      It lets you see invisible.
Armour
 a - a +0 plate armour (worn)
 c - the +0 pair of boots of Starshine (worn) {Stlth+}
   (You found it on level 12 of the Dungeon)

   Stlth:     It makes you more stealthy.
 k - a +2 hat (worn)
 o - a +0 cloak of preservation (worn)
 E - a +1 pair of gloves (worn)
 F - a +0 pair of boots
Jewellery
 h - a ring of poison resistance (left hand)
 m - a +4 ring of evasion (right hand)
 y - an amulet of magic regeneration
 B - a ring of willpower
 K - an amulet of the acrobat (around neck)
 M - a ring of ice
Wands
 t - a wand of flame (5)
 v - a wand of paralysis (22)
 x - a wand of acid (7)
 C - a wand of digging (7)
Scrolls
 b - a scroll of summoning
 i - 5 scrolls of enchant weapon
 l - a scroll of teleportation {unknown}
 n - a scroll of fear {unknown}
 p - 2 scrolls of fog
 q - a scroll of enchant armour
 r - 4 scrolls of magic mapping
 s - a scroll of identify
 u - 2 scrolls of torment
 w - 2 scrolls of silence
 A - a scroll of noise {unknown}
 H - a scroll of poison {unknown}
Potions
 d - 4 potions of flight
 j - 2 potions of cancellation
 z - a potion of haste
 I - a potion of magic {unknown}
 L - 3 potions of lignification {unknown}
Miscellaneous
 D - a box of beasts (inert)


   Skills:
 + Level 13.5 Fighting
 + Level 19.1 Axes
 + Level 14.9 Armour
 - Level 2.1 Dodging


You had 12 spell levels left.
You didn't know any spells.
Your spell library was empty.

Dungeon Overview and Level Annotations

Branches:
Dungeon (12/15)            Temple (0/1) D:6            Lair (0/6) D:11
    Orc (2/2) D:10          Sewer (visited)
    Elf: Orc:2

Altars:
Ashenzari
Cheibriados
Dithmenos
Fedhas
Makhleb
Okawaru
Qazlal
Ru
Trog
Vehumet
Xom
Yredelemnul
Zin
Beogh

Shops:
D:1 (   D:4 *   Orc:1 (


Innate Abilities, Weirdness & Mutations

You have a pair of horns on your head.
You reflexively headbutt those who attack you in melee.
Your flesh is cold resistant. (rC+)
Your flesh is heat resistant. (rF+)
Your spells are a little harder to cast, but a little more powerful.


Message History

The orc knight hits you but does no damage.
The orc warrior hits you but does no damage.
The orc warrior barely misses you. You furiously retaliate!
You headbutt the orc warrior! The orc warrior closely misses you.
The orc knight barely misses you.
The two-headed ogre completely misses you. x2
The orc unwields a +0 arbalest.
The orc wields a +0 hand axe.
The orc completely misses you. The orc warrior closely misses you.
The orc warrior unwields a +0 arbalest.
The orc warrior wields a +0 great mace.
The orc warrior hits you but does no damage.
The orc warrior misses you.
The orc knight hits you with a +0 glaive!
Things that are here:
a +0 arbalest; a +0 trident; an orc corpse You hit the two-headed ogre.
You burn the two-headed ogre.
You headbutt the two-headed ogre, but do no damage.
The two-headed ogre is lightly wounded.
You barely miss the orc. You slice the orc warrior!! You burn the orc warrior.
You kill the orc warrior!
Trog accepts your kill.
You miss the orc warrior. You closely miss the orc knight.
The two-headed ogre closely misses you. You furiously retaliate!
You headbutt the two-headed ogre!
The two-headed ogre hits you with a +0 giant club!
* * * LOW HITPOINT WARNING * * *
The orc warrior hits you but does no damage.
The orc hits you but does no damage. The orc warrior completely misses you.
The orc knight hits you but does no damage.
You closely miss the two-headed ogre. You headbutt the two-headed ogre!
The two-headed ogre is heavily wounded.
You hit the orc. You burn the orc. You slash the orc warrior!
You burn the orc warrior. You hit the orc knight. You burn the orc knight.
The orc warrior misses you. The orc hits you but does no damage.
The orc warrior hits you with a +0 battleaxe!
* * * LOW HITPOINT WARNING * * *
The orc knight hits you with a +0 glaive!
* * * LOW HITPOINT WARNING * * *
The two-headed ogre hits you but does no damage.
The two-headed ogre hits you with a +0 giant club!
You die...

.^..........#...#####
.................#
.##..##..##..)#..##
..........##.)##.##
≈.........)#..#...#
≈≈≈.......)))..#.##
#≈≈≈≈...o))#..####
##≈≈≈≈o.o))#...#
......O@).).....#
......o).......##
##≈≈≈≈.....#....#
#≈≈≈≈......#......
≈≈≈...............
≈..........#..#...
..........##......
.##..##..## ..


You could see an orc knight, a two-headed ogre, 2 orc warriors and an orc
(strong).

Vanquished Creatures
  Gastronok (D:10)
  A sphinx (D:12)
  2 frost giants (D:12)
  3 entropy weavers (D:12)
  Snorg (D:11)
  Josephine (D:11)
  Fannar (D:11)
  A boulder beetle (D:8)
  4 ghost crabs (D:12)
  2 two-headed ogres (D:12)
  5 fire crabs (D:12)
  2 orc knights (Orc:2)
  A deep elf pyromancer (D:12)
  A cyclops (D:12)
  An ugly thing (D:12)
  An elephant (D:11)
  A gargoyle (D:12)
  A kobold demonologist (D:10)
  3 trolls
  A hornet (D:9)
  2 polar bears (D:10)
  4 slime creatures (D:12)
  Sigmund (D:3)
  5 wraiths
  4 wyverns
  2 shadows
  A vampire (D:11)
  15 yaks
  An unseen horror simulacrum (D:10)
  Grum (D:11)
  2 basilisks
  2 wargs (Orc:1)
  4 vampire mosquitoes (D:12)
  Menkaure (D:7)
  Edmund (D:5)
  3 acid dragons
  20 orc warriors
  A meliai simulacrum (D:10)
  4 ice beasts
  2 black bears
  4 wolves
  2 ogres
  10 centaurs
  A phantom (D:7)
  A kobold brigand (D:7)
  A bullfrog (D:7)
  A necrophage (D:6)
  A gnoll sergeant (D:10)
  2 scorpions (D:6)
  17 killer bees
  4 howler monkeys
  2 vampire bats (Orc:1)
  4 electric eels
  A hound (D:5)
  2 jellies
  Crazy Yiuf (D:2)
  11 orc priests
  2 iguanas
  3 gnoll shamans
  Ijyb (D:5)
  Jessica (D:2)
  Terence (D:2)
  7 orc wizards
  A hell rat (Sewer)
  4 centaur simulacra (D:10)
  5 adders
  3 river rats (Sewer)
  18 gnolls
  3 white imps (D:10)
  4 ufetubi
  4 worms
  A dart slug (D:1)
  43 orcs
  7 ball pythons
  13 bats
  3 endoplasms
  3 giant cockroaches
  7 goblins
  5 hobgoblins
  2 jackals (D:1)
  5 quokkas
  3 frilled lizards
  7 kobolds
  12 rats
343 creatures vanquished.

Vanquished Creatures (collateral kills)
  An entropy weaver (D:12)
  An apocalypse crab (D:12)
2 creatures vanquished.

Vanquished Creatures (others)
  A hydra (D:12)
  A fungus (D:11)
  A plant (D:11)
3 creatures vanquished.

Grand Total: 348 creatures vanquished

Notes
Turn   | Place    | Note
-------+----------+-------------------------------------------
     0 | D:1      | Locuples the Minotaur Berserker began the quest for the
                  | Orb.
     0 | D:1      | Reached XP level 1. HP: 19/19 MP: 0/0
   124 | D:1      | Reached skill level 4 in Axes
   192 | D:1      | Reached XP level 2. HP: 25/27 MP: 1/1
   450 | D:1      | Found a faded altar of an unknown god.
   544 | D:1      | Found Zuent's Antique Weapon Emporium.
   935 | D:2      | Reached XP level 3. HP: 24/33 MP: 2/2
  1060 | D:2      | Noticed Terence
  1064 | D:2      | Noticed Jessica
  1068 | D:2      | Killed Terence
  1069 | D:2      | Reached skill level 5 in Axes
  1071 | D:2      | Killed Jessica
  1072 | D:2      | Reached XP level 4. HP: 38/41 MP: 3/3
  1180 | D:2      | Reached ** piety under Trog
  1233 | D:2      | Found a basalt altar of Yredelemnul.
  1595 | D:2      | Found a runed translucent door.
  1596 | D:2      | Noticed Crazy Yiuf
  1843 | D:2      | Killed Crazy Yiuf
  1844 | D:2      | Reached skill level 6 in Axes
  1844 | D:2      | Reached XP level 5. HP: 8/47 MP: 4/4
  2349 | D:3      | Found a glowing drain.
  2358 | Sewer    | Entered a sewer
  2529 | D:3      | Noticed Sigmund
  2544 | D:3      | Killed Sigmund
  2545 | D:3      | Reached skill level 7 in Axes
  2545 | D:3      | Reached XP level 6. HP: 41/53 MP: 5/5
  2942 | D:4      | Found Ymiffor's Gadget Gallery.
  3029 | D:4      | Reached *** piety under Trog
  3045 | D:4      | Found a stormy altar of Qazlal.
  3537 | D:5      | Entered Level 5 of the Dungeon
  3583 | D:5      | Noticed an ice beast
  3585 | D:5      | Noticed Edmund
  3595 | D:5      | Killed an ice beast
  3596 | D:5      | Reached skill level 5 in Fighting
  3596 | D:5      | Reached skill level 8 in Axes
  3596 | D:5      | Reached XP level 7. HP: 25/61 MP: 6/6
  3609 | D:5      | Killed Edmund
  3610 | D:5      | Reached skill level 5 in Armour
  3971 | D:5      | Reached skill level 9 in Axes
  4372 | D:5      | Reached XP level 8. HP: 69/69 MP: 7/7
  4441 | D:5      | Found a burning altar of Makhleb.
  4667 | D:5      | Reached skill level 10 in Axes
  4761 | D:5      | Noticed Ijyb
  4776 | D:5      | Killed Ijyb
  4867 | D:5      | Found a sacrificial altar of Ru.
  5120 | D:6      | Found a shimmering altar of Xom.
  5201 | D:6      | Found a staircase to the Ecumenical Temple.
  6329 | D:7      | Noticed Menkaure
  6338 | D:7      | Killed Menkaure
  6338 | D:7      | Reached **** piety under Trog
  6479 | D:7      | Reached skill level 11 in Axes
  6641 | D:7      | Found a glowing silver altar of Zin.
  6787 | D:1      | Bought an ichor-stained war axe for 195 gold pieces
  6787 | D:1      | Identified the +7 war axe of Resumed Hostilities {freeze,
                  | rF- rC+ SInv} (You bought it in a shop on level 1 of the
                  | Dungeon)
  6937 | D:7      | Reached XP level 9. HP: 78/78 MP: 8/8
  7335 | D:8      | Noticed a boulder beetle
  7343 | D:8      | Killed a boulder beetle
  7344 | D:8      | Reached skill level 12 in Axes
  7599 | D:9      | Identified the +7 chain mail of Saugonk {Int+3}
  7831 | D:9      | Noticed a troll
  7837 | D:9      | Killed a troll
  7842 | D:9      | Found an iron altar of Okawaru.
  7976 | D:9      | Reached XP level 10. HP: 57/88 MP: 9/9
  7978 | D:9      | Reached skill level 13 in Axes
  7978 | D:9      | Reached skill level 10 in Armour
  8221 | D:9      | Identified the +7 hand axe "Wuagg" {vorpal, rElec rF-
                  | Will++ Dex+2}
  8538 | D:10     | Entered Level 10 of the Dungeon
  8544 | D:10     | Found a broken altar of Ashenzari.
  8546 | D:10     | Noticed Gastronok
  8555 | D:10     | Killed Gastronok
  8556 | D:10     | Reached skill level 14 in Axes
  8815 | D:10     | Found a blossoming altar of Fedhas.
  8823 | D:10     | Found a radiant altar of Vehumet.
  8832 | D:10     | Found a bloodstained altar of Trog.
  8955 | D:10     | Reached ***** piety under Trog
  8978 | D:10     | Reached XP level 11. HP: 91/99 MP: 10/10
  8995 | D:10     | Reached skill level 10 in Fighting
  8995 | D:10     | Reached skill level 15 in Axes
  9294 | D:10     | Found a staircase to the Orcish Mines.
  9533 | D:10     | Found a shadowy altar of Dithmenos.
 10108 | D:10     | Found a snail-covered altar of Cheibriados.
 10374 | D:11     | Noticed Grum
 10383 | D:11     | Killed Grum
 10642 | D:11     | Noticed Josephine
 10650 | D:11     | Killed Josephine
 10653 | D:11     | Reached skill level 16 in Axes
 10679 | D:11     | Found a staircase to the Lair.
 10859 | D:11     | Noticed Fannar
 10867 | D:11     | Noticed Snorg
 10870 | D:11     | Killed Fannar
 10876 | D:11     | Killed Snorg
 10911 | D:11     | Gained mutation: Your flesh is cold resistant. (rC+)
                  | [potion of mutation]
 10911 | D:11     | Gained mutation: Your spells are a little harder to cast,
                  | but a little more powerful. [potion of mutation]
 10911 | D:11     | Gained mutation: Your flesh is heat resistant. (rF+)
                  | [potion of mutation]
 11103 | D:11     | Identified the +7 hand axe of Ciomir {freeze, Will+ rCorr}
 11218 | D:11     | Found an iron altar of Okawaru.
 11314 | D:12     | Noticed a cyan ugly thing
 11325 | D:12     | Killed a cyan ugly thing
 11325 | D:12     | Received a gift from Trog
 11329 | D:12     | Reached XP level 12. HP: 105/110 MP: 11/11
 11333 | D:12     | Noticed a four-headed hydra
 11348 | D:12     | Killed a four-headed hydra
 11366 | D:12     | Identified the +7 dagger of the Inviting Coward {vorpal,
                  | *Rage rN+ Will+ Dex+4}
 11658 | D:12     | Noticed a two-headed ogre
 11676 | D:12     | Killed a two-headed ogre
 12037 | D:12     | Reached skill level 17 in Axes
 12037 | D:12     | Noticed a two-headed ogre
 12043 | D:12     | Killed a two-headed ogre
 12247 | D:12     | Found a runed translucent door.
 12550 | D:12     | Noticed an entropy weaver
 12557 | D:12     | Killed an entropy weaver
 12572 | D:12     | Noticed an entropy weaver
 12578 | D:12     | Killed an entropy weaver
 12581 | D:12     | Noticed a ghost crab
 12587 | D:12     | Killed a ghost crab
 12588 | D:12     | Reached skill level 18 in Axes
 12650 | D:12     | Noticed a ghost crab
 12651 | D:12     | Noticed an entropy weaver
 12659 | D:12     | Killed a ghost crab
 12666 | D:12     | Killed an entropy weaver
 12710 | D:12     | Noticed a ghost crab
 12711 | D:12     | Noticed a ghost crab
 12721 | D:12     | Killed a ghost crab
 12723 | D:12     | Killed a ghost crab
 12732 | D:12     | Noticed an entropy weaver
 12741 | D:12     | HP: 3/115 [entropy weaver (6)]
 12742 | D:12     | Killed an entropy weaver
 12743 | D:12     | Reached XP level 13. HP: 4/122 MP: 12/12
 13425 | D:12     | Identified the +0 pair of boots of Starshine {Stlth+}
 13429 | D:12     | Identified the +7 flail "Janlutea" {vorpal, rElec}
 13639 | D:12     | Found a runed translucent door.
 13639 | D:12     | Noticed a frost giant
 13639 | D:12     | Noticed a sphinx
 13640 | D:12     | Noticed a frost giant
 13653 | D:12     | Killed a frost giant
 13657 | D:12     | Killed a sphinx
 13659 | D:12     | Killed a frost giant
 13928 | Orc:1    | Entered Level 1 of the Orcish Mines
 13994 | Orc:1    | Found Zenothru's Weapon Boutique.
 14166 | Orc:2    | Entered Level 2 of the Orcish Mines
 14313 | Orc:2    | Reached skill level 19 in Axes
 14332 | Orc:2    | HP: 5/122 [orc knight/+0 glaive (14)]
 14332 | Orc:2    | Slain by a two-headed ogre

Illustrated notes

Levels and vault maps discovered:
D:1:      dpeg_arrival_central, layout_basic,
          hellmonk_ecumenical_altar_lost_god, serial_shops, shop
D:2:      layout_loops_ring, basic_altar, chequers_avenue, corexii_corridor_pit,
          uniq_crazy_yiuf_cottage, uniq_jessica, uniq_terence
D:3:      layout_rooms, cheibrodos_sewer_entry_sluice, minmay_misc_feat_room,
          uniq_sigmund
D:4:      layout_rooms, mainiacjoe_overflow_six_doors_small,
          nicolae_shop_gadgets
D:5:      layout_loops_corners, kennysheep_mini, mainiacjoe_overflow_alcove_4,
          chequers_garden, uniq_edmund, uniq_ijyb
D:6:      layout_cave_pools, mainiacjoe_overflow_concentric_impassable,
          minmay_temple_entry_antechambers, kennysheep_small_square
D:7:      layout_rooms, lemuel_crystal_altar, centaur_isle, uniq_menkaure
D:8:      minmay_diamond_stairs, layout_loops_cross, grunt_ministairs_2,
          serial_park_tiny_1, uniq_prince_ribbit1
D:9:      layout_roguey, mainiacjoe_overflow_surrounded_room
D:10:     layout_loops_ring, mainiacjoe_overflow_paths, marbit_many_paths,
          fedhas_altar_1, trog_ov_bears_minmay,
          mainiacjoe_overflow_catwalk_spiral, minmay_orc_entry_temple_small,
          serial_ice, serial_ice_o, serial_ice_d, serial_ice_m, serial_ice_e,
          serial_ice_f, serial_ice_i, serial_ice_a, serial_ice_n, serial_ice_h,
          serial_ice_g, chequers_serial_rivers_small_a,
          nicolae_fountain_basement, uniq_gastronok
D:11:     layout_gridville, david_lair_generic, serial_glass, glass_columns_c,
          glass_columns_a, kennysheep_okawaru_gauntlet, uniq_josephine,
          uniq_snorg, uniq_grum, uniq_fannar
D:12:     gammafunk_mikee_crab_dinner, layout_rooms, nrook_pool_corridor,
          kennysheep_treasure_room
Orc:1:    layout_diamond_mine, serial_shops, nicolae_shop_behind_doors,
          roderic_batcave
Orc:2:    st_orc_rangers, layout_caves, serial_shops, shop

Skill      XL: |  1  2  3  4  5  6  7  8  9 10 11 12 13 |
---------------+----------------------------------------+-----
Axes           | 4 5 6 7 8 9 11 12 14 16 18 19 | 19.1
Fighting       | 4 5 6 8 9 11 13 | 13.5
Armour         | 3 4 5 7 9 11 12 14 | 14.9
Dodging        | |  2.1

Action                   |  1- 3 |  4- 6 |  7- 9 | 10-12 | 13-15 || total
-------------------------+-------+-------+-------+-------+-------++-------
Melee: Hand axe          |    43 |   133 |   151 |       |       ||   327
       Headbutt          |    10 |    31 |    46 |    61 |    15 ||   163
       Punch             |       |     1 |     4 |     2 |       ||     7
       War axe           |       |       |    59 |   203 |       ||   262
       Battleaxe         |       |       |       |   104 |    65 ||   169
Invok: Berserk           |       |       |     1 |    11 |     3 ||    15
       Trog's Hand       |       |       |       |     2 |     2 ||     4
       Brothers in Arms  |       |       |       |     1 |       ||     1
Evoke: Box of beasts     |       |       |       |       |     1 ||     1
  Use: Potion            |       |       |     6 |    12 |     1 ||    19
       Scroll            |       |       |    13 |     6 |       ||    19
 Stab: Invisible         |       |       |       |     1 |       ||     1
Armor: Animal skin       |     2 |       |       |       |       ||     2
       Scale mail        |     6 |    53 |   117 |       |       ||   176
       Plate armour      |       |       |    49 |   327 |    50 ||   426
Dodge: Dodged            |    37 |    63 |   116 |   238 |    99 ||   553

Table legend: (Time is in decaauts)
 A = Elapsed time spent in this place.
 B = Non-inter-level travel time spent in this place.
 C = Inter-level travel time spent in this place.
 D = Time resting spent in this place.
 E = Time spent auto-exploring this place.
 F = Levels seen in this place.
 G = Mean time per level.
                   A        B        C        D        E       F      G
               +--------+--------+--------+--------+--------+-----+--------+
         Total |  14349 |  14349 |      0 |   3312 |   8128 |  15 |  956.6 |
       Dungeon |  13812 |  13812 |      0 |   3287 |   7799 |  12 | 1151.0 |
  Orcish Mines |    399 |    399 |      0 |     25 |    260 |   2 |  199.5 |
         Sewer |    136 |    136 |      0 |      0 |     68 |   1 |  136.0 |
               +--------+--------+--------+--------+--------+-----+--------+

Top non-repeatable levels by time:
    D:12: 2563 daAuts
    D:10: 1853 daAuts
     D:5: 1588 daAuts
     D:2: 1428 daAuts
     D:6: 1122 daAuts
    D:11: 997 daAuts
     D:1: 946 daAuts
     D:9: 945 daAuts
     D:7: 842 daAuts
     D:4: 696 daAuts
     D:3: 494 daAuts
     D:8: 334 daAuts
   Orc:1: 241 daAuts
   Orc:2: 158 daAuts
   Sewer: 136 daAuts
